 Dungeon Crawl Stone Soup version 0.21-a0-401-g0b6bec4 (webtiles) character file.

8 Fireblaze683 the Skirmisher (level 2, 0/24 HPs)
             Began as a Formicid Berserker on Oct 24, 2017.
             Was a Follower of Trog.
             Slain by a frilled lizard (1 damage)
             ... on level 1 of the Dungeon.
             The game lasted 00:03:18 (325 turns).

Fireblaze683 the Skirmisher (Formicid Berserker)     Turns: 325, Time: 00:03:18

Health: 0/24       AC:  3    Str: 21    XL:     2   Next: 15%
Magic:  2/2        EV: 12    Int:  6    God:    Trog [*.....]
Gold:   25         SH:  0    Dex: 10    Spells: 1/1 levels left

rFire    . . .     SeeInvis +   a - +0 hand axe
rCold    . . .     Gourm    .   (no shield)
rNeg     . . .     Faith    .   i - +0 leather armour (curse)
rPois    .         Spirit   .   (helmet unavailable)
rElec    .         Reflect  .   (no cloak)
rCorr    .         Harm     .   (no gloves)
MR       .....                  (no boots)
Stlth    +.........             (no amulet)
HPRegen  0.08/turn              (no ring)
MPRegen  0.08/turn              (no ring)

@: no status effects
A: permanent stasis, dig shafts and tunnels, four strong arms, antennae 3
a: Dig, Shaft Self, Burn Spellbooks, Renounce Religion


You were on level 1 of the Dungeon.
You worshipped Trog.
Trog was aware of your devotion.
You were not hungry.

You visited 1 branch of the dungeon, and saw 1 of its levels.

You collected 25 gold pieces.

Inventory:

Hand Weapons
 a - a +0 hand axe (weapon)
Armour
 b - a +0 animal skin
 g - a +0 leather armour
 i - a cursed +0 leather armour (worn)
Scrolls
 e - 2 scrolls of teleportation
Potions
 f - a potion of heal wounds
Comestibles
 c - 2 bread rations
 d - 4 chunks of flesh


   Skills:
 + Level 3.6 Fighting
 + Level 3.1 Axes
 * Level 2.3 Armour
 * Level 2.0 Dodging


You had one spell level left.
You didn't know any spells.

Dungeon Overview and Level Annotations

Branches:
Dungeon (1/15)

Altars:


Innate Abilities, Weirdness & Mutations

You cannot be hasted, slowed, berserked, paralysed or teleported.
You can dig through walls and to a lower floor.
Your four strong arms can wield two-handed weapons with a shield.
You have a pair of large antennae on your head. (SInv)


Message History

The goblin hits you but does no damage. The ooze barely misses you.
The goblin barely misses you. The frilled lizard barely misses you.
The hobgoblin closely misses you. The goblin closely misses you.
The ooze misses you. The goblin hits you but does no damage.
The frilled lizard bites you.
* * * LOW HITPOINT WARNING * * *
The hobgoblin barely misses you. The goblin barely misses you.
The ooze hits you.
* * * LOW HITPOINT WARNING * * *
The goblin misses you. The frilled lizard misses you. The hobgoblin misses you.
The goblin misses you. The ooze barely misses you.
The goblin completely misses you. The frilled lizard misses you.
The goblin hits you.
* * * LOW HITPOINT WARNING * * *
The hobgoblin closely misses you. The ooze barely misses you.
The goblin hits you but does no damage. The frilled lizard misses you.
The goblin closely misses you. The hobgoblin closely misses you.
The ooze barely misses you. The goblin hits you but does no damage.
The frilled lizard bites you.
You die...

#..# #..# #######(###
#....)....#
#####.........#
#...#.........#
#...#.........#
...###...###.......#
......l@g............
######gJg########..###
#...gbK.# ..#
#.###.#.# .. ..#). .(
...###. . ..... .. { {
.###.. .#


You could see an ooze, a hobgoblin, 3 goblins, a bat, a kobold and a frilled
lizard.

Vanquished Creatures
  A dart slug (D:1)
  A hobgoblin (D:1)
  2 jackals (D:1)
  A bat (D:1)
  A frilled lizard (D:1)
6 creatures vanquished.

Notes
Turn   | Place    | Note
-------+----------+-------------------------------------------
     0 | D:1      | Fireblaze683 the Formicid Berserker began the quest for the Orb.
     0 | D:1      | Reached XP level 1. HP: 18/18 MP: 1/1
   181 | D:1      | Reached XP level 2. HP: 18/24 MP: 2/2
   324 | D:1      | HP: 1/24 [goblin (1)]
   325 | D:1      | Slain by a frilled lizard

Vault maps used:
D:1:      tarquinn_simple_flora_water_b, minmay_pentomino_v4

Skill      XL: |  1  2 |
---------------+-------+-----
Dodging        | 2 |  2.0
Fighting       | |  3.6
Axes           | |  3.1
Armour         | |  2.3

Action                   || total
-------------------------++-------
Melee: Hand axe          ||    18
  Use: Scroll            ||     2
Armor: Animal skin       ||     7
       Leather armour    ||     6
Dodge: Dodged            ||    34

Table legend:
 A = Spawn XP
 B = Non-spawn XP
 C = Spawn XP percentage of total XP
 D = Spawn monster count
 E = Non-spawn monster count
 F = Spawn count percentage of total count
 G = Total turns spent on level
                    A         B        C        D         E        F      G
               +---------+---------+-------+---------+---------+-------+---------
         Total |       0 |      12 |   0.0 |       0 |       6 |   0.0 |   325
               +---------+---------+-------+---------+---------+-------+---------
           D:1 |       0 |      12 |   0.0 |       0 |       6 |   0.0 |   325
               +---------+---------+-------+---------+---------+-------+---------
